 Dungeon Crawl Stone Soup version 0.25-a0-634-gd1561dc703 (webtiles) character file.

Game seed: 4146439583507784301, levelgen mode: deterministic

2167 Eurus the Conjurer (level 9, 0/68 HPs)
             Began as a Mummy Conjurer on Mar 20, 2020.
             Was an Initiate of Ashenzari.
             Shot with a sling bullet by Joseph (4 damage)
             ... on level 7 of the Dungeon.
             The game lasted 00:18:08 (7805 turns).

Eurus the Conjurer (Mummy Conjurer)                 Turns: 7805, Time: 00:18:08

Health: 0/68       AC:  6    Str: 12    XL:     9   Next: 10%
Magic:  10/19      EV: 12    Int: 17    God:    Ashenzari [......]
Gold:   648        SH:  0    Dex: 12    Spells: 15/22 levels left

rFire    x . .     SeeInvis .   e - +2 halberd (protect)
rCold    + . .     Gourm    .   (shield currently unavailable)
rNeg     + + +     Faith    .   a - +0 robe
rPois    ∞         Spirit   .   (no helmet)
rElec    .         Reflect  .   f - +0 cloak {rPois}
rCorr    .         Harm     .   i - +1 pair of gloves
MR       +....                  d - +0 pair of boots
Stlth    ++........             (no amulet)
HPRegen  0.21/turn              (no ring)
MPRegen  0.16/turn              (no ring)

@: no status effects
A: no food or potions, fire vulnerability, cold resistance 1, negative energy
resistance 3, torment resistance, unbreathing
a: Curse Item, Renounce Religion


You were on level 7 of the Dungeon.
You worshipped Ashenzari.
Ashenzari was noncommittal.
You were not hungry.

You visited 1 branch of the dungeon, and saw 7 of its levels.
You also visited: Ossuary.

You collected 648 gold pieces.

Inventory:

Hand Weapons
 b - a +0 dagger
 e - a +2 halberd of protection (weapon)
 m - a +2 hand axe of venom
Armour
 a - a +0 robe (worn)
 d - a +0 pair of boots (worn)
 f - a +0 cloak of poison resistance (worn)
 i - a +1 pair of gloves (worn)
 q - a +0 leather armour
Magical Staves
 j - an uncursed staff of poison
Wands
 g - a wand of flame (17)
 r - a wand of disintegration (17)
Scrolls
 c - 2 scrolls of identify
 h - a scroll of noise {unknown}
 k - 2 scrolls of remove curse
 l - a scroll of teleportation {unknown}
 n - a scroll of fear {unknown}
 o - a scroll of amnesia
 p - a scroll of immolation {unknown}


   Skills:
 + Level 5.0 Fighting
 - Level 1.5 Dodging
 - Level 1.5 Stealth
 + Level 7.2 Spellcasting
 * Level 7.5 Conjurations
 + Level 3.5 Translocations


You had 15 spell levels left.
You knew the following spells:

 Your Spells              Type           Power        Failure   Level  Hunger
a - Magic Dart            Conj           ####         1%          1    N/A
b - Searing Ray           Conj           ####..       1%          2    N/A
c - Iskenderun's Mystic   Conj/Tloc      ####....     12%         4    N/A

Your spell library contained the following spells:

 Spells                   Type           Power        Failure   Level  Hunger
 Dazzling Flash           Conj/Hex       ###...       7%          3    N/A
 Fulminant Prism          Conj/Hex       ###.......   24%         4    N/A

Dungeon Overview and Level Annotations

Branches:
Dungeon (7/15)            Ossuary (visited)
 Temple: D:4-7

Altars:
Ashenzari
Cheibriados
Gozag
Kikubaaqudgha
Makhleb
Nemelex Xobeh
Trog
Uskayaw
Vehumet
Wu Jian
Xom
Yredelemnul
Zin

Annotations:
D:4 1 exclusion
D:5 1 runed translucent door, exclusion: angel
D:7 Joseph


Innate Abilities, Weirdness & Mutations

You do not eat or drink.
Your flesh is vulnerable to fire.
You are immune to poison.
Your flesh is cold resistant. (rC+)
You are immune to negative energy. (rN+++)
You are immune to unholy pain and torment.
You can survive without breathing.


Message History

(Press . to maintain the ray.) Joseph shoots a sling bullet.
The sling bullet hits you! The sling bullet burns you!
The searing ray hits Joseph.
Joseph is severely wounded.
Joseph says, "I've waited for this moment for such a long time."
Joseph shoots a sling bullet.
The sling bullet hits you! The sling bullet burns you.
* * * LOW HITPOINT WARNING * * *
The searing ray hits Joseph.
Joseph is severely wounded.
Joseph shoots a sling bullet.
The sling bullet hits you!
* * * LOW HITPOINT WARNING * * *
The sling bullet burns you.
* * * LOW HITPOINT WARNING * * *
The searing ray hits Joseph!
Joseph is almost dead.
You finish channeling your searing ray.
Joseph shoots a sling bullet.
The sling bullet hits you.
You die...

##.........##..
##.............
.....(..#...##.
##......#(.....
#......#...###
#......###.#
#......# .####.>
######.###.......
#...@....#
#####.##.# .# @#
##


You could see Joseph.

Vanquished Creatures
  Prince Ribbit (D:5)
  An orc warrior (D:6)
  5 ogres
  2 sky beasts (D:6)
  2 phantoms
  A centaur (D:6)
  2 bullfrogs
  2 scorpions (D:5)
  A crimson imp (D:6)
  Crazy Yiuf (D:3)
  A centaur zombie (D:5)
  A human zombie (Ossuary)
  2 hounds
  2 jellies
  An orc priest (D:6)
  A gnoll shaman (D:4)
  An orc wizard (D:6)
  2 worker ants
  2 big kobold zombies (Ossuary)
  A hound skeleton (D:5)
  2 mummies (Ossuary)
  17 gnolls
  9 adders
  An adder skeleton (D:5)
  3 worms
  4 dart slugs
  5 leopard geckos
  11 orcs
  8 bats
  4 giant cockroaches
  8 goblins
  7 hobgoblins
  4 jackals
  4 kobolds
  4 quokkas
  5 frilled lizards
  A gnoll zombie (Ossuary)
  2 goblin zombies (Ossuary)
  2 hobgoblin zombies (Ossuary)
  6 orc zombies (Ossuary)
  A quokka skeleton (D:4)
  8 rats
148 creatures vanquished.

Notes
Turn   | Place    | Note
-------+----------+-------------------------------------------
     0 | D:1      | Eurus the Mummy Conjurer began the quest for the Orb.
     0 | D:1      | Reached XP level 1. HP: 13/13 MP: 4/4
   455 | D:1      | Reached XP level 2. HP: 19/19 MP: 3/6
   460 | D:1      | Learned a level 2 spell: Searing Ray
  1194 | D:1      | Reached XP level 3. HP: 24/24 MP: 4/7
  1505 | D:2      | Noticed an ogre
  1750 | D:2      | Killed an ogre
  1750 | D:2      | Reached skill level 1 in Fighting
  1750 | D:2      | Reached XP level 4. HP: 12/32 MP: 5/10
  1750 | D:2      | Reached XP level 5. HP: 14/37 MP: 5/11
  2635 | D:3      | Found a bloodstained altar of Trog.
  2791 | D:3      | Found a runed translucent door.
  2792 | D:3      | Noticed Crazy Yiuf
  2803 | D:3      | Killed Crazy Yiuf
  2803 | D:3      | Reached skill level 5 in Conjurations
  3291 | D:3      | Reached XP level 6. HP: 44/44 MP: 10/12
  3297 | D:3      | Learned a level 4 spell: Iskenderun's Mystic Blast
  3692 | D:3      | Found an ancient bone altar of Kikubaaqudgha.
  3857 | D:4      | Found a shimmering altar of Xom.
  3863 | D:4      | Found a shimmering altar of Xom.
  3865 | D:4      | Found a shimmering altar of Xom.
  3866 | D:4      | Found a shimmering altar of Xom.
  3874 | D:4      | Found a shimmering altar of Xom.
  3874 | D:4      | Found a shimmering altar of Xom.
  3876 | D:4      | Found a shimmering altar of Xom.
  3891 | D:4      | Found a sand-covered staircase.
  4022 | Ossuary  | Entered an ossuary
  4366 | Ossuary  | Reached skill level 1 in Translocations
  4433 | Ossuary  | Reached skill level 5 in Spellcasting
  4783 | D:4      | Reached XP level 7. HP: 52/52 MP: 9/14
  4979 | D:4      | Found an ornate altar of the Wu Jian Council.
  5020 | D:4      | Found a basalt altar of Yredelemnul.
  5022 | D:4      | Found a snail-covered altar of Cheibriados.
  5022 | D:4      | Found a shattered altar of Ashenzari.
  5033 | D:4      | Became a worshipper of Ashenzari the Shackled
  5043 | D:4      | Found an opulent altar of Gozag.
  5607 | D:5      | Entered Level 5 of the Dungeon
  5642 | D:5      | Found a glowing silver altar of Zin.
  5642 | D:5      | Noticed an angel
  5643 | D:5      | Found a runed translucent door.
  5708 | D:5      | Reached XP level 8. HP: 60/60 MP: 11/16
  5726 | D:5      | Found a radiant altar of Vehumet.
  5773 | D:5      | Found a hide-covered altar of Uskayaw.
  5774 | D:5      | Noticed a +0 dagger
  5774 | D:5      | Noticed a +0 hand axe
  5776 | D:5      | Noticed Prince Ribbit
  5782 | D:5      | Killed Prince Ribbit
  6015 | D:5      | Found a burning altar of Makhleb.
  6204 | D:5      | Found a sparkling altar of Nemelex Xobeh.
  7305 | D:6      | Reached skill level 5 in Fighting
  7305 | D:6      | Reached XP level 9. HP: 39/68 MP: 8/19
  7797 | D:7      | Noticed Joseph
  7805 | D:7      | Shot with a sling bullet by Joseph

Levels and vault maps discovered:
D:1:      scummos_arrival_checkerplants, layout_basic, minmay_misc_feat_roman,
          minmay_tall_x
D:2:      layout_loops_ring, minmay_tetromino_o2
D:3:      layout_loops_ring, lemuel_doored_altar, lemuel_coloured_pillars_altar,
          first_ration, uniq_crazy_yiuf_cottage
D:4:      layout_loops_ring, nicolae_xom_altar_mimics,
          nicolae_overflow_crystal_walls, grunt_temple_overflow_open,
          kennysheep_mini, gup_sewer_entry_spiral,
          nicolae_ossuary_entry_monument, skrybe_limestone_x, kennysheep_donut
D:5:      layout_rooms, dancing_weapons_uskayaw, nemelex_altar_shiori,
          kennysheep_mini_moat, kennysheep_little_box, st_stairs_13,
          lemuel_angel_altar, uniq_prince_ribbit1
D:6:      layout_rooms
D:7:      layout_basic, temple_statues, serial_shops, nicolae_shop_crystal,
          uniq_pikel, uniq_joseph, uniq_duvessa

Skill      XL: |  1  2  3  4  5  6  7  8 |
---------------+-------------------------+-----
Spellcasting   | 3 4 5 7 |  7.2
Conjurations   | 4 5 6 7 |  7.5
Fighting       | 1 2 3 5 |  5.0
Translocations | 1 2 3 |  3.5
Dodging        | |  1.5
Stealth        | |  1.5

Action                   |  1- 3 |  4- 6 |  7- 9 || total
-------------------------+-------+-------+-------++-------
Melee: Unarmed           |     3 |       |       ||     3
       Dagger            |    62 |     5 |       ||    67
       Halberd           |       |    24 |    35 ||    59
 Cast: Magic Dart        |    61 |    48 |    17 ||   126
       Searing Ray       |     3 |    30 |    51 ||    84
  Use: Scroll            |       |     1 |     2 ||     3
 Stab: Sleeping          |       |       |     1 ||     1
Armor: Robe              |    19 |     9 |    14 ||    42
Dodge: Dodged            |    52 |    30 |    65 ||   147

Table legend:
 A = Non-vault XP
 B = Vault XP
 C = Vault XP percentage of total XP
 D = Non-vault monster count
 E = Vault monster count
 F = Vault count percentage of total count
                 A         B        C        D         E       F
            +---------+---------+-------+---------+---------+-------
      Total |    2584 |     513 |  16.6 |     118 |      30 |  20.3
            +---------+---------+-------+---------+---------+-------
        D:1 |      39 |       9 |  18.8 |      20 |       4 |  16.7
        D:2 |     183 |      15 |   7.6 |      23 |       2 |   8.0
        D:3 |      97 |      45 |  31.7 |      14 |       1 |   6.7
        D:4 |     568 |      31 |   5.2 |      18 |       6 |  25.0
        D:5 |     513 |     274 |  34.8 |      13 |       1 |   7.1
        D:6 |    1184 |       0 |   0.0 |      30 |       0 |   0.0
    Ossuary |       0 |     139 | 100.0 |       0 |      16 | 100.0
            +---------+---------+-------+---------+---------+-------
